 Dungeon Crawl Stone Soup version 0.20-a0-1116-gaa52201 (webtiles) character file.

354 JeffiDaFish the Grave Robber (level 6, -2/43 HPs)
             Began as a Vampire Necromancer on May 8, 2017.
             Slain by an adder (5 damage)
             ... in a sewer.
             The game lasted 00:10:31 (3331 turns).

JeffiDaFish the Grave Robber (Vampire Necromancer)  Turns: 3331, Time: 00:10:32

Health: -2/43      AC:  6    Str:  7    XL:     6   Next: 35%
Magic:  3/11       EV: 10    Int: 19    God:
Gold:   89         SH:  0    Dex: 15    Spells: 7/12 levels left

rFire    . . .     SeeInvis +   k - +0 scythe
rCold    + . .     Gourm    .   (shield currently unavailable)
rNeg     + . .     Faith    .   j - +2 robe {rC+}
rPois    .         Spirit   .   g - +0 helmet
rElec    .         Reflect  .   h - +0 cloak (curse)
rCorr    .         Harm     .   (no gloves)
MR       .....                  (no boots)
Stlth    ++++......             (no amulet)
Regen    0.2/turn               e - -3 ring of evasion (curse)
MPRegen  0.2/turn               i - ring of stealth

@: no status effects
A: fangs 3, see invisible, unbreathing
a: Bat Form


You were in a sewer.
You were not thirsty.

You visited 1 branch of the dungeon, and saw 3 of its levels.
You also visited: Sewer.

You collected 89 gold pieces.

Inventory:

Hand Weapons
 k - a +0 scythe (weapon)
Armour
 g - a +0 helmet (worn)
 h - a cursed +0 cloak (worn)
 j - a +2 robe of cold resistance (worn)
Jewellery
 e - a cursed -3 ring of evasion (left hand)
 i - a ring of stealth (right hand)
Scrolls
 f - a scroll of identify
Potions
 c - 2 potions of blood
Books
 b - a book of Necromancy

   Spells                             Type                      Level
   a - Pain                           Necromancy                   1
   b - Animate Skeleton               Necromancy                   1
   c - Vampiric Draining              Necromancy                   3
   d - Regeneration                   Charms/Necromancy            3
   e - Animate Dead                   Necromancy                   4
   f - Control Undead                 Necromancy                   4


   Skills:
 + Level 1.2 Fighting
   Level 1.6 Short Blades
 * Level 0.1 Polearms
 + Level 3.2 Dodging
 * Level 5.6 Stealth
 * Level 3.5 Spellcasting
 * Level 5.6 Necromancy


You had 7 spell levels left.
You knew the following spells:

 Your Spells              Type           Power        Failure   Level  Hunger
a - Pain                  Necr           ###.         1%          1    None
b - Animate Skeleton      Necr           N/A          1%          1    None
c - Vampiric Draining     Necr           ###.......   4%          3    ###....


Dungeon Overview and Level Annotations

Branches:
Dungeon (3/15)

Altars:
Dithmenos


Innate Abilities, Weirdness & Mutations

You have razor-sharp teeth.
You have supernaturally acute eyesight. (SInv)
You can survive without breathing.


Message History

The leopard gecko bites you but does no damage.
The adder bites you but does no damage. The leopard gecko bites you.
* * * LOW HITPOINT WARNING * * *
You feel better. The bat closely misses you. The adder closely misses you.
The leopard gecko bites you but does no damage.
You closely miss the adder.
The adder is almost dead.
The bat closely misses you. The adder misses you. The leopard gecko bites you.
The adder barely misses you. The leopard gecko closely misses you.
The adder bites you but does no damage.
You closely miss the adder.
The adder is almost dead.
The bat hits you but does no damage. The leopard gecko bites you.
The adder bites you but does no damage. The leopard gecko bites you.
* * * LOW HITPOINT WARNING * * *
The adder bites you but does no damage. The worm bites you!
* * * LOW HITPOINT WARNING * * *
The leopard gecko closely misses you. The bat closely misses you.
The adder bites you.
You die...

#### ###.S###
..####...l@.#
b......∩.w..#
.≈.......b..#
###.##.....##
# ##...##
#####


You could see a worm, an adder, a leopard gecko and a bat.

Vanquished Creatures
  Sigmund (D:3)
  Crazy Yiuf (D:2)
  Robin (D:2)
  8 adders
  2 worms
  A dart slug (D:1)
  A leopard gecko (D:1)
  An orc (D:3)
  4 giant cockroaches
  9 hobgoblins
  6 jackals
  8 kobolds
  A quokka (D:2)
  A ball python (Sewer)
  4 bats
  4 frilled lizards
  12 goblins
  A leopard gecko skeleton (D:3)
  12 rats
78 creatures vanquished.

Vanquished Creatures (collateral kills)
  An adder (D:3)
  A hobgoblin (D:2)
  A rat (D:3)
3 creatures vanquished.

Grand Total: 81 creatures vanquished

Notes
Turn   | Place    | Note
-------+----------+-------------------------------------------
     0 | D:1      | JeffiDaFish the Vampire Necromancer began the quest for the Orb.
     0 | D:1      | Reached XP level 1. HP: 13/13 MP: 3/3
     1 | D:1      | Found a shadowy altar of Dithmenos.
    55 | D:1      | Learned a level 1 spell: Animate Skeleton
   337 | D:1      | Reached XP level 2. HP: 19/19 MP: 5/5
  1003 | D:1      | Reached XP level 3. HP: 23/25 MP: 6/6
  1322 | D:2      | Noticed Robin
  1396 | D:2      | Killed Robin
  1963 | D:2      | Learned a level 3 spell: Vampiric Draining
  2031 | D:2      | Reached XP level 4. HP: 10/31 MP: 4/8
  2428 | D:2      | Found a runed door.
  2733 | D:2      | Noticed Crazy Yiuf
  2737 | D:2      | Killed Crazy Yiuf
  2737 | D:2      | Reached skill level 1 in Short Blades
  2737 | D:2      | Reached skill level 5 in Necromancy
  2928 | D:3      | Reached XP level 5. HP: 35/36 MP: 9/9
  2999 | D:3      | Noticed Sigmund
  3009 | D:3      | HP: 1/36 [Sigmund/scythe (14)]
  3011 | D:3      | Killed Sigmund
  3011 | D:3      | Reached skill level 1 in Fighting
  3011 | D:3      | Reached skill level 5 in Stealth
  3011 | D:3      | Reached XP level 6. HP: 1/43 MP: 0/11
  3311 | D:3      | Found a glowing drain.
  3319 | Sewer    | Entered a sewer
  3331 | Sewer    | Slain by an adder

Vault maps used:
D:1:      sevenhm_arrival_forest_fort_small_6, eino_curves_01
D:2:      uniq_crazy_yiuf_cottage, uniq_robin
D:3:      lemuel_blue_sif_altar, first_bread, lightli_sewer_entry_pipes,
          uniq_sigmund
Sewer:    sewer_fruit_machine

Skill      XL: |  1  2  3  4  5 |
---------------+----------------+-----
Stealth        | 4 5 |  5.6
Short Blades   | 1 |  1.6
Necromancy     | 5 |  5.6
Spellcasting   | 3 |  3.5
Fighting       | 1 |  1.2
Dodging        | 3 |  3.2
Polearms       | |  0.1

Action                   |  1- 3 |  4- 6 || total
-------------------------+-------+-------++-------
Melee: Dagger            |    78 |    26 ||   104
       Bite              |     7 |     1 ||     8
       Unarmed           |     1 |       ||     1
       Scythe            |       |    27 ||    27
 Cast: Pain              |    31 |    19 ||    50
       Animate Skeleton  |    13 |     7 ||    20
       Vampiric Draining |       |     8 ||     8
 Abil: End Transformatio |     1 |       ||     1
       Bat Form          |     1 |       ||     1
  Use: Scroll            |     5 |     1 ||     6
       Potion            |     5 |     6 ||    11
 Stab: Sleeping          |     4 |    12 ||    16
Armor: Robe              |    11 |    27 ||    38
Dodge: Dodged            |    39 |    41 ||    80
